 Dungeon Crawl Stone Soup version 0.28-a0-850-g09de17f5b5 (webtiles) character file.

Game seed: 4691103752103173129

417 avis the Insei (level 6, -5/42 HPs)
             Began as an Octopode Transmuter on Nov 13, 2021.
             Slain by a water moccasin (7 damage)
             ... on level 3 of the Dungeon.
             The game lasted 00:33:08 (3985 turns).

avis the Insei (Octopode Transmuter)                Turns: 3985, Time: 00:33:08

Health: -5/42      AC:  2    Str: 11    XL:     6   Next: 93%
Magic:  5/9        EV: 21    Int: 16    God:
Gold:   111        SH:  0    Dex: 23    Spells: 1/9 levels left

rFire   . . .      SeeInvis .     - Unarmed
rCold   + . .      Faith    .   (shield currently unavailable)
rNeg    . . .      Spirit   .   (helmet currently unavailable)
rPois   x          Reflect  .   (no amulet)
rElec   .          Harm     .   a - ring of wizardry
rCorr   .          Rampage  .   c - +6 ring of dexterity
Will    .....                   n - ring of protection from cold
Stlth   ++........              (no ring)
HPRegen 0.14/turn               (no ring)
MPRegen 0.11/turn               (no ring)
                                (no ring)
                                (no ring)

@: spider-form (expiring)
A: venomous fangs, almost no armour, (amphibious), 8 rings, tiny, (camouflage
1), (gelatinous body 1), (nimble swimmer 1), (tentacles)
a: End Transformation


You were on level 3 of the Dungeon.
You were a venomous arachnid creature.
You visited 2 branches of the dungeon, and saw 5 of its levels.

You collected 111 gold pieces.

Inventory:

Hand Weapons
 b - a +0 hunting sling of chaos (melded)
Missiles
 d - 60 stones
 i - 43 sling bullets
 q - a throwing net (quivered)
 u - 8 poisoned darts
Jewellery
 a - a ring of wizardry (left front leg)
 c - a +6 ring of dexterity (right front leg)
 j - a ring of fire
 n - a ring of protection from cold (on tentacle)
Scrolls
 k - a scroll of identify
 p - a scroll of magic mapping {unknown}
 r - a scroll of enchant weapon {unknown}
 s - a scroll of teleportation {unknown}
Potions
 e - a potion of degeneration {unknown}
 f - a potion of heal wounds {unknown}
 g - a potion of invisibility {unknown}
 h - 2 potions of flight
 l - a potion of attraction {unknown}
 m - a potion of brilliance {unknown}
 o - a potion of haste {unknown}
 t - a potion of mutation {unknown}


   Skills:
 - Level 3.0 Fighting
 - Level 3.0 Dodging
 - Level 1.0 Stealth
 * Level 5.9 Unarmed Combat
 - Level 2.0 Spellcasting
 - Level 3.0 Transmutations
 - Level 1.0 Poison Magic


You had one spell level left.
You knew the following spells:

 Your Spells              Type           Power      Damage    Failure   Level
a - Beastly Appendage     Tmut           22%        N/A       7%          1
p - Spider Form           Tmut/Pois      8%         N/A       21%         3
q - Ice Form              Ice/Tmut       6%         N/A       56%         4

Your spell library contained the following spells:

 Spells                   Type           Power      Damage    Failure   Level
 Wereblood                Tmut           11%        N/A       9%          2
 Sublimation of Blood     Necr           1%         N/A       24%         2
 Summon Hydra             Summ           0%         N/A       100%        7


Dungeon Overview and Level Annotations

Branches:
Dungeon (4/15)             Temple (1/1) D:4

Altars:
Dithmenos
Hepliaklqana
Kikubaaqudgha
Makhleb
Qazlal
Ru
Sif Muna
Trog
Uskayaw
Vehumet
Wu Jian
Xom
Yredelemnul
Zin
The Shining One

Shops:
D:2 (


Innate Abilities, Weirdness & Mutations

You are a venomous arachnid creature.
You have poisonous fangs.
You are tiny and dextrous.
Your spellcasting is less reliable in this form.
Your armour is entirely melded.
You are incapable of wielding weapons or throwing items.
You cannot wear most types of armour.
((You are amphibious.))
You can wear up to eight rings at the same time.
((Your skin changes colour to match your surroundings (Stealth+).))
((Your rubbery body absorbs attacks. (AC +1, EV +1)))
((You are camouflaged near water. (Stealth+)))
((You have tentacles for arms and can constrict up to eight enemies at once.))


Message History

You feel sick.
You feel sick.
You feel sick. The gnoll shaman closely misses you.
You feel sick.
You are no longer poisoned.
An iguana comes into view.
The water moccasin bites you.
* * * LOW HITPOINT WARNING * * *
The water moccasin closely misses you. The water moccasin bites you.
* * * LOW HITPOINT WARNING * * *
Casting: Spider Form (dangerous; 11% risk of failure)
Confirm with . or Enter, or press ? or * to list all spells.
You turn into a venomous arachnid creature.
Your +0 hunting sling of chaos melds into your body.
The water moccasin bites you.
* * * LOW HITPOINT WARNING * * *
Okay, then.
Okay, then.
You barely miss the water moccasin.
The water moccasin is heavily wounded.
The water moccasin misses you. x2
You see here a +0 war axe.
Okay, then.
You can't do that in your present form.
Unknown command.
The water moccasin completely misses you.
There is a stone staircase leading down here.
The water moccasin completely misses you.
The water moccasin bites you.
* * * LOW HITPOINT WARNING * * *
There is a stone staircase leading up here.
The water moccasin barely misses you.
You climb upwards.
Your transformation is almost over.
There is a stone staircase leading down here.
The water moccasin completely misses you.
You see here a +1 cloak.
The water moccasin bites you!
You die...

#.......# #.# ##.## ##.####.#
#.#### #...# #......####..[.##
#...# #####............# #..<#
#......###..###..######)..#####
#......###..###..##...........###
#......[.#.......................
#......#.#........#...........###
#...............s.#####...##### #
#..............S..# #...#
######............# #...# #
#.......>....# #...#
#######...#.......# ##.##
...............#### #.#
.###.#.#####...# #.# .###.#.#
##### #.###### .....#.# #......#


You could see a water moccasin.

Vanquished Creatures
  A scorpion (D:2)
  2 howler monkeys (D:4)
  A centaur zombie (D:4)
  2 hounds (D:4)
  Terence (D:3)
  An iguana (D:4)
  A hound skeleton (D:3)
  4 adders
  An ufetubus (D:4)
  An adder skeleton (D:4)
  4 dart slugs
  An orc (D:4)
  12 ball pythons
  8 bats
  4 endoplasms (D:1)
  7 giant cockroaches
  3 goblins
  3 hobgoblins
  3 kobolds
  4 quokkas
  3 frilled lizards
  8 rats
75 creatures vanquished.

Notes
Turn   | Place    | Note
-------+----------+-------------------------------------------
     0 | D:1      | avis the Octopode Transmuter began the quest for the Orb.
     0 | D:1      | Reached XP level 1. HP: 13/13 MP: 3/3
   132 | D:1      | Reached XP level 2. HP: 11/18 MP: 3/5
   675 | D:1      | Reached skill level 4 in Unarmed Combat
   819 | D:1      | Reached XP level 3. HP: 23/23 MP: 6/6
   823 | D:1      | Learned a level 3 spell: Spider Form
  1395 | D:2      | Reached skill level 1 in Stealth
  1422 | D:2      | Noticed a scorpion
  1504 | D:2      | Reached XP level 4. HP: 24/29 MP: 3/7
  1700 | D:2      | Found Nerompa's Weapon Shop.
  1915 | D:2      | Found a faded altar of an unknown god.
  2005 | D:2      | Killed a scorpion
  2006 | D:2      | Reached XP level 5. HP: 30/34 MP: 4/8
  2165 | D:3      | Noticed Terence
  2244 | D:2      | Learned a level 4 spell: Ice Form
  2272 | D:3      | Reached skill level 5 in Unarmed Combat
  2376 | D:3      | Reached skill level 1 in Poison Magic
  2738 | D:3      | Found a shadowy altar of Dithmenos.
  2864 | D:3      | Killed Terence
  3093 | D:4      | Found a bloodstained altar of Trog.
  3178 | D:4      | Reached XP level 6. HP: 39/42 MP: 5/9
  3444 | D:4      | Found a staircase to the Ecumenical Temple.
  3450 | D:4      | Noticed a water moccasin
  3481 | Temple   | Entered the Ecumenical Temple
  3972 | D:4      | HP: 2/42 [water moccasin (2)]
  3980 | D:4      | HP: 2/42 [water moccasin (2)]
  3985 | D:3      | Slain by a water moccasin

Illustrated notes

Levels and vault maps discovered:
D:1:      dpeg_arrival_simpleton_c, layout_rooms
D:2:      layout_basic, hellmonk_ecumenical_altar_inner_sanctum, serial_shops,
          nicolae_diamond_shop
D:3:      layout_loops_cross, lemuel_doored_altar, uniq_terence
D:4:      layout_loops_ring, overflow_temple_1_default,
          minmay_temple_entry_crystal_x, minmay_manual_mess, uniq_duvessa
Temple:   nicolae_temple_figure_eight

Skill      XL: |  1  2  3  4  5  6 |
---------------+-------------------+-----
Unarmed Combat | 4 5 |  5.9
Fighting       | 2 3 |  3.0
Stealth        | 1 |  1.0
Dodging        | 3 |  3.0
Poison Magic   | 1 |  1.0
Transmutations | 3 |  3.0
Spellcasting   | |  2.0

Action                   |  1- 3 |  4- 6 || total
-------------------------+-------+-------++-------
Melee: Unarmed           |    44 |    86 ||   130
       Kick              |     6 |     6 ||    12
       Constrict         |     7 |     4 ||    11
       Tentacles         |     2 |     5 ||     7
       Punch             |       |     1 ||     1
 Fire: Hunting sling     |    40 |    38 ||    78
 Cast: Beastly Appendage |    17 |     8 ||    25
       Spider Form       |     2 |    18 ||    20
  Use: Scroll            |       |     3 ||     3
 Stab: Sleeping          |     4 |     2 ||     6
       Confused          |       |     1 ||     1
Armor: Skin              |     4 |     4 ||     8
Dodge: Dodged            |    16 |    82 ||    98

Table legend: (Time is in decaauts)
 A = Elapsed time spent in this place.
 B = Non-inter-level travel time spent in this place.
 C = Inter-level travel time spent in this place.
 D = Time resting spent in this place.
 E = Time spent auto-exploring this place.
 F = Levels seen in this place.
 G = Mean time per level.
                   A        B        C        D        E       F      G
               +--------+--------+--------+--------+--------+-----+--------+
         Total |   3975 |   3726 |    249 |   1130 |   1145 |   5 |  795.0 |
       Dungeon |   3754 |   3515 |    239 |   1130 |    943 |   4 |  938.5 |
        Temple |    220 |    210 |     10 |      0 |    202 |   1 |  220.0 |
               +--------+--------+--------+--------+--------+-----+--------+

Top non-repeatable levels by time:
     D:1: 1174 daAuts
     D:2: 1085 daAuts
     D:3: 838 daAuts
     D:4: 656 daAuts
  Temple: 220 daAuts
